 Dungeon Crawl Stone Soup version 0.19.1-1-g22dce08 (webtiles) character file.

1052 Colliwobble the Carver (level 8, -2/56 HPs)
             Began as a Demonspawn Gladiator on Jan 1, 2017.
             Was a Priest of Ru.
             Slain by Menkaure (14 damage)
             ... on level 6 of the Dungeon.
             The game lasted 00:16:37 (5502 turns).

Colliwobble the Carver (Demonspawn Gladiator)       Turns: 5502, Time: 00:16:37

Health: -2/56      AC: 13    Str: 17    XL:     8   Next: 5%
Magic:  8/8        EV:  8    Int:  9    God:    Ru [***...]
Gold:   214        SH:  9    Dex: 19    Spells: 0 memorised, 7 levels left

rFire  . . .     SeeInvis .     a - +0 long sword
rCold  . . .     Gourm    .     p - +0 scale mail
rNeg   . . .     Faith    .     x - +1 shield
rPois  .         Spirit   .     c - +0 helmet
rElec  .         Reflect  .     i - +0 cloak
rCorr  .         Harm     .     g - +0 pair of gloves
MR     .....                    z - +0 pair of boots
Stlth  +.........               (no amulet)
                                (no ring)
                                l - +3 ring of protection

@: no status effects
A: hooves 1, thin skeletal structure 2, powered by death 1, spiny 1, inability
to use devices
a: Draw Out Power, Renounce Religion


You were on level 6 of the Dungeon.
You worshipped Ru.
Ru was most pleased with you.
You were hungry.

You visited 2 branches of the dungeon, and saw 7 of its levels.

You collected 214 gold pieces.

Inventory:

Hand Weapons
 a - a +0 long sword (weapon)
 b - a +0 hunting sling
Missiles
 d - 3 throwing nets (quivered)
 s - 84 stones
Armour
 c - a +0 helmet (worn)
 g - a +0 pair of gloves (worn)
 i - a +0 cloak (worn)
 p - a +0 scale mail (worn)
 x - a +1 shield (worn)
 z - a +0 pair of boots (worn)
Jewellery
 l - a +3 ring of protection (left hand)
 B - an uncursed ring of teleportation
Scrolls
 e - a scroll of teleportation
 h - a scroll of enchant armour
 o - a scroll of recharging
 t - 7 scrolls of identify
 u - 2 scrolls of remove curse
 v - a scroll of enchant weapon {unknown}
 w - a scroll of blinking
Potions
 q - a potion of agility {unknown}
 r - a potion of curing
Comestibles
 f - 4 bread rations
 j - 2 beef jerkies
 k - a slice of pizza
 m - 3 meat rations
 n - 7 fruits


   Skills:
 - Level 2.0 Fighting
 + Level 9.1 Long Blades
 - Level 1.7 Throwing
 - Level 2.6 Dodging


You had 7 spell levels left.
You didn't know any spells.

Dungeon Overview and Level Annotations

Branches:
Dungeon (6/15)             Temple (1/1) D:4

Altars:
Ashenzari
Cheibriados
Dithmenos
Elyvilon
Fedhas
Gozag
Hepliaklqana
Kikubaaqudgha
Makhleb
Nemelex Xobeh
Okawaru
Qazlal
Ru
Sif Muna
Trog
Uskayaw
Vehumet
Xom
Yredelemnul
Zin
The Shining One

Shops:
D:4 ::**

Annotations:
D:6 Menkaure


Innate Abilities, Weirdness & Mutations

You have large cloven feet.
You have a moderately thin skeletal structure. (Dex +4, Stealth+)
You regenerate a little health from kills.
You are partially covered in sharp spines.
You cannot study or use magical devices.


Message History

You barely miss Menkaure.
Menkaure is lightly damaged.
You block Menkaure's attack.
You hit Menkaure.
Menkaure is lightly damaged.
You block Menkaure's attack.
You hit Menkaure.
Menkaure is moderately damaged.
Menkaure hits you.
You hit Menkaure but do no damage.
Menkaure is moderately damaged.
Menkaure hits you!
* * * LOW HITPOINT WARNING * * *
Menkaure grins.
You redirect Menkaure's attack!
Menkaure barely misses himself.
You redirect Menkaure's attack!
Menkaure giggles, "These cerements are ticklish..."
Menkaure hits you!
You die...

##o# . ##.##
..####.o.#########.#
........o......#....#
.....#............#
#####....o.........#
#...[............#
#.....M...........
#)....@...........
##................
#................
#................
##..............
##### #..............
###...##
#...)..<.......
##......#
##.............
##.......##
#.........<..#


You could see Menkaure and 3 orcs.

Vanquished Creatures
  An ice beast (D:5)
  An ogre (D:4)
  A centaur (D:5)
  2 bullfrogs (D:6)
  A howler monkey (D:4)
  3 crimson imps
  A hound (Temple)
  The ghost of thegoatgodpan the Vexing, a weakling VSEn (D:3)
  2 orc wizards
  A gnoll shaman (D:5)
  5 worker ants (D:4)
  A hound zombie (D:5)
  A howler monkey zombie (D:5)
  3 gnolls (D:5)
  4 adders
  A shadow imp (D:5)
  An adder skeleton (D:5)
  An adder zombie (D:5)
  2 worms
  2 dart slugs (D:2)
  2 leopard geckos (D:5)
  11 orcs
  2 ball pythons
  3 giant cockroaches
  12 goblins
  6 hobgoblins
  16 jackals
  A quokka (D:4)
  7 bats
  9 frilled lizards
  7 kobolds
  A quokka skeleton (D:5)
  8 rats
120 creatures vanquished.

Vanquished Creatures (others)
  An ogre (D:5)
1 creature vanquished.

Grand Total: 121 creatures vanquished

Notes
Turn   | Place    | Note
-------+----------+-------------------------------------------
     0 | D:1      | Colliwobble the Demonspawn Gladiator began the quest for the Orb.
     0 | D:1      | Reached XP level 1. HP: 16/16 MP: 1/1
   225 | D:1      | Reached skill level 3 in Long Blades
   268 | D:1      | Gained mutation: You have a somewhat thin skeletal structure. (Dex +2, Stealth) [demonic ancestry]
   268 | D:1      | Reached XP level 2. HP: 18/22 MP: 2/2
  1164 | D:2      | Found a faded altar of an unknown god.
  1182 | D:2      | Reached XP level 3. HP: 27/27 MP: 3/3
  1379 | D:2      | Reached skill level 4 in Long Blades
  1918 | D:2      | Gained mutation: You are partially covered in sharp spines. [demonic ancestry]
  1918 | D:2      | Reached XP level 4. HP: 33/33 MP: 4/4
  2332 | D:3      | Noticed thegoatgodpan's ghost (weakling VSEn)
  2356 | D:3      | Killed thegoatgodpan's ghost
  2356 | D:3      | Reached skill level 5 in Long Blades
  2663 | D:4      | Found a staircase to the Ecumenical Temple.
  2680 | Temple   | Entered the Ecumenical Temple
  2681 | Temple   | Gained mutation: You have large cloven feet. [demonic ancestry]
  2681 | Temple   | Reached XP level 5. HP: 37/38 MP: 5/5
  2759 | Temple   | Became a worshipper of Ru the Awakened
  2802 | D:4      | Found a shimmering altar of Xom.
  2871 | D:4      | Found Teluy's Book Shop.
  2937 | D:4      | HP: 1/38 [poisoned by a worker ant]
  3272 | D:4      | Reached skill level 6 in Long Blades
  3387 | D:4      | Reached XP level 6. HP: 41/44 MP: 6/6
  3431 | D:4      | Found Siseum's Assorted Antiques.
  3809 | D:4      | Found Geashiopt's General Store.
  3902 | D:4      | Found Nuus's Book Boutique.
  4219 | D:4      | Reached skill level 7 in Long Blades
  4319 | D:5      | Entered Level 5 of the Dungeon
  4344 | D:5      | Gained mutation: You regenerate a little health from kills. [demonic ancestry]
  4344 | D:5      | Reached XP level 7. HP: 50/50 MP: 7/7
  4425 | D:5      | Found a shattered altar of Ashenzari.
  4530 | D:5      | Reached skill level 8 in Long Blades
  4601 | D:5      | Gained mutation: You cannot study or use magical devices. [Ru sacrifice]
  4601 | D:5      | Reached * piety under Ru
  4601 | D:5      | Reached ** piety under Ru
  4601 | D:5      | Reached *** piety under Ru
  5121 | D:5      | Got a twisted war axe
  5122 | D:5      | Identified the +7 war axe of Terra Nullius {chop, *Drain +Inv Str+5} (You found it on level 5 of the Dungeon)
  5475 | D:6      | Noticed Menkaure
  5485 | D:6      | Reached skill level 9 in Long Blades
  5485 | D:6      | Gained mutation: You have a moderately thin skeletal structure. (Dex +4, Stealth+) [demonic ancestry]
  5485 | D:6      | Reached XP level 8. HP: 56/56 MP: 8/8
  5502 | D:6      | Slain by Menkaure

Skill      XL: |  1  2  3  4  5  6  7 |
---------------+----------------------+-----
Long Blades    | 3 4 5 6 7 9 |  9.1
Fighting       | |  2.0
Throwing       | |  1.7
Dodging        | |  2.6

Action                   |  1- 3 |  4- 6 |  7- 9 || total
-------------------------+-------+-------+-------++-------
Melee: Long sword        |   134 |   131 |    85 ||   350
 Fire: Hunting sling     |       |    10 |       ||    10
Throw: Throwing net      |       |     2 |       ||     2
Invok: Sacrifice Artific |       |       |     1 ||     1
  Use: Scroll            |       |    10 |     1 ||    11
 Stab: Sleeping          |     2 |     1 |       ||     3
       Distracted        |       |     1 |       ||     1
  Eat: Chunk             |     3 |     8 |     3 ||    14
Armor: Leather armour    |    48 |    33 |       ||    81
       Scale mail        |       |     6 |    25 ||    31
Dodge: Dodged            |    96 |    47 |    28 ||   171
Block: Shield            |     6 |    44 |    37 ||    87
       Rpst.: Long sword |    31 |    17 |     8 ||    56
